[Event "Titled Tuesday Blitz June 13 Late 2023"]
[White "Sala, Giulia"]
[Black "Kaplan, Avi Harrison"]
[WhiteFideId "2840451"]
[BlackFideId "30934559"]
[WhiteElo "1769"]
[BlackElo "1983"]
[Result "1/2-1/2"]
[Round "7"]
[TimeControl "180+2"]
[Date "2023.06.13"]
[WhiteClock "0:00:32"]
[BlackClock "0:00:21"]
[Board "123"]

1. d4 g6 2. Bf4 Bg7 3. Nc3 c5 4. e3 f5 5. Nf3 a6 6. Nd5 d6 7. dxc5 e5 8. Bg5 Nf6 9. Nb6 Ra7 10. Nxc8 Qxc8 11. Qxd6 Qd8 12. Qxd8+ Kxd8 13. Nxe5 Kc8 14. O-O-O Nc6 15. Bc4 Nxe5 16. Be6+ Kb8 17. Bf4 Nh5 18. Rd5 Nxf4 19. exf4 Ng4 20. Rd7 Bh6 21. g3 Nxf2 22. Re1 Ne4 23. b4 a5 24. Bd5 axb4 25. Bxe4 fxe4 26. Rxe4 b6 27. Rxa7 Kxa7 28. cxb6+ Kxb6 29. Rxb4+ Kc5 30. Rb7 Kc6 31. Rf7 Bf8 32. Kd2 Bc5 33. Kc3 Bb6 34. Kc4 Bd8 35. a4 Kb6 36. Kb4 Ka6 37. c4 Ba5+ 38. Kc5 Rc8+ 39. Kd5 Bb6 40. Rxh7 Rc5+ 41. Ke6 Rxc4 42. Kf6 Rc6+ 43. Kg5 Bd8+ 44. Kg4 Ka5 45. h4 Kxa4 46. h5 gxh5+ 47. Rxh5 Kb4 48. Rd5 Bc7 49. Kg5 Kc4 50. Rd7 Bd6 51. g4 Kd5 52. f5 Rc8 53. Rg7 Ke5 54. Rg6 Kd5 55. Re6 Rg8+ 56. Kh5 Rh8+ 57. Kg5 Rg8+ 58. Kh5 Be5 59. g5 Ke4 60. Kg4 Rf8 61. f6 Kd5 62. Re7 Bd6 63. Rh7 Ke6 64. Kh5 Bf4 65. Kg6 Rg8+ 66. Rg7 Rf8 67. f7 Be5 68. Rg8 Rxf7 69. Re8+ Re7 70. Rxe7+ Kxe7 71. Kf5 Bg7 72. g6 Kf8 73. Ke4 Kg8 74. Kd5 Bf8 75. Kc6 Kg7 76. Kb5 Ba3 77. Kc4 Bb2 78. Kb5 Bc1 79. Ka6 Bd2 80. Kb7 Be3 81. Ka8 Bf4 82. Kb7 Bg5 83. Ka6 Bf6 84. Kb5 Kf8 85. Kc6 Bg7 86. Kb7 Ke8 87. Ka8 Kd8 88. Kb7 Kd7 89. Ka6 Kd6 90. Kb5 Kd5 91. Ka4 Kd4 92. Kb3 Kd3 93. Ka4 Kd2 94. Kb5 Kc2 95. Kc6 Kd3 96. Kd7 Ke4 97. Ke8 Kf5 98. Kf7 Ba1 99. g7 Bxg7 1/2-1/2


[Site "https://www.chess.com"]

[Event "Titled Tuesday Blitz June 13 Late 2023"]
[White "Lalanne, Pablo"]
[Black "Sarkar, Justin"]
[WhiteFideId "112151"]
[BlackFideId "2010011"]
[WhiteElo "2120"]
[BlackElo "2151"]
[Result "1-0"]
[Round "7"]
[TimeControl "180+2"]
[Date "2023.06.13"]
[WhiteClock "0:00:25"]
[BlackClock "0:00:00"]
[Board "124"]

1. e4 e5 2. Nf3 Nc6 3. Bb5 a6 4. Ba4 Nf6 5. O-O Nxe4 6. d4 b5 7. Bb3 d5 8. dxe5 Be6 9. Nbd2 Nc5 10. c3 d4 11. Ng5 Qxg5 12. Qf3 O-O-O 13. Bxe6+ fxe6 14. Qxc6 Qxe5 15. b4 Qd5 16. Qxd5 exd5 17. bxc5 dxc3 18. Nb3 d4 19. Ba3 g6 20. Bb4 Bg7 21. a4 d3 22. axb5 d2 23. bxa6 c2 24. Bxd2 Bxa1 25. Rxa1 Kb8 26. Rc1 Rd3 27. Rxc2 Rxb3 28. g3 Rd8 29. Be3 Rd1+ 30. Kg2 Ra3 31. Rb2+ Kc8 32. Rb4 Rxa6 33. Rh4 h5 34. Re4 Rf6 35. Re7 Rf5 36. Rg7 1-0


[Site "https://www.chess.com"]

[Event "Titled Tuesday Blitz June 13 Late 2023"]
[White "Pein, Jonathan"]
[Black "Martinez, Ayelen"]
[WhiteFideId "417092"]
[BlackFideId "118702"]
[WhiteElo "2151"]
[BlackElo "2074"]
[Result "1-0"]
[Round "7"]
[TimeControl "180+2"]
[Date "2023.06.13"]
[WhiteClock "0:00:08"]
[BlackClock "0:00:14"]
[Board "125"]

1. e4 c5 2. Nh3 d5 3. Ng5 h6 4. Bb5+ Nc6 5. Nxf7 Kxf7 6. Qf3+ Nf6 7. Bxc6 bxc6 8. e5 Bg4 9. Qg3 Bf5 10. exf6 gxf6 11. d3 Rg8 12. Qf4 Qd7 13. Rg1 e5 14. Qh4 Rg4 15. Qh3 Re4+ 16. dxe4 Bxh3 17. gxh3 Qxh3 18. Nc3 Qxh2 19. Ne2 dxe4 20. Bd2 Rd8 21. O-O-O Qxf2 22. Rde1 e3 23. Bc3 Bd6 24. Rgf1 Qh2 25. Rh1 Qg2 26. Rxh6 Rg8 27. Rhh1 Qd5 28. Kb1 Rg2 29. Nc1 Qf3 30. Nd3 e2 31. Rh7+ Kg6 32. Rhh1 c4 33. Nc1 Bc5 34. b3 cxb3 35. axb3 Bd4 36. Bd2 Be3 37. Bxe3 Qxe3 38. Kb2 Qd4+ 39. Kb1 Qe4 40. Nd3 Rg3 41. Rhg1 Rxg1 42. Rxg1+ Kf5 43. Re1 Kg4 44. Nf2+ Kf3 45. Nxe4 Kxe4 46. Rxe2+ Kf3 47. Re1 Kf2 48. Re4 Kf3 49. Re1 Kf2 50. Re4 Kf3 51. Rc4 f5 52. Kc1 Ke2 53. Rc5 f4 54. Rxe5+ Kf3 55. Rc5 Ke3 56. Rxc6 f3 57. Re6+ Kd4 58. Rf6 Ke3 59. Kd1 f2 60. c4 a5 61. c5 a4 62. bxa4 1-0


[Site "https://www.chess.com"]

[Event "Titled Tuesday Blitz June 13 Late 2023"]
[White "Vila Dupla, Aurelio"]
[Black "Goncalves, Davi Sulzbacher"]
[WhiteFideId "2203383"]
[BlackFideId "2154510"]
[WhiteElo "2009"]
[BlackElo "2182"]
[Result "0-1"]
[Round "7"]
[TimeControl "180+2"]
[Date "2023.06.13"]
[WhiteClock "0:00:00"]
[BlackClock "0:00:56"]
[Board "126"]

1. Nf3 c5 2. c4 g6 3. d4 Bg7 4. e4 cxd4 5. Nxd4 Nf6 6. Nc3 O-O 7. Be2 e6 8. O-O d5 9. Bg5 e5 10. Nf3 d4 11. Nd5 Nbd7 12. Qc1 h6 13. Nxf6+ Nxf6 14. Bxh6 Nxe4 15. Bxg7 Kxg7 16. Nxe5 Qf6 17. Nd3 Bf5 18. Bf3 Rfe8 19. Re1 Ng5 20. Be2 Rxe2 21. Rxe2 Bxd3 22. Rd2 Be4 23. Qd1 Nf3+ 24. Kh1 Qf4 0-1


[Site "https://www.chess.com"]

[Event "Titled Tuesday Blitz June 13 Late 2023"]
[White "Carrasco Miranda, Andres"]
[Black "campochess"]
[WhiteFideId "3405990"]
[WhiteElo "2183"]
[BlackElo "2223"]
[Result "1-0"]
[Round "7"]
[TimeControl "180+2"]
[Date "2023.06.13"]
[WhiteClock "0:00:42"]
[BlackClock "0:00:31"]
[Board "127"]

1. d4 c5 2. d5 Nf6 3. c4 g6 4. Nc3 Bg7 5. e4 d6 6. g3 O-O 7. Bg2 Nbd7 8. Nge2 Ng4 9. h3 Nge5 10. b3 Nb6 11. f4 Ned7 12. a4 Rb8 13. O-O a6 14. Be3 Na8 15. Qd2 Nc7 16. a5 b5 17. axb6 Rxb6 18. Ra3 Re8 19. Kh2 h5 20. Ng1 Nf8 21. Nf3 Nh7 22. e5 e6 23. Na4 Rb4 24. dxe6 Rxe6 25. Bxc5 Rxa4 26. Rxa4 d5 27. Nd4 dxc4 28. Bd6 Re8 29. Rxc4 Ne6 30. Nxe6 Bxe6 31. Bd5 Nf8 32. Rfc1 Qa5 33. Bxe6 Nxe6 34. Qxa5 1-0


[Site "https://www.chess.com"]

[Event "Titled Tuesday Blitz June 13 Late 2023"]
[White "Aung Thant Zin"]
[Black "Jimenez Garcia, Emmanuel"]
[WhiteFideId "13000063"]
[BlackFideId "6504779"]
[WhiteElo "2278"]
[BlackElo "2440"]
[Result "1/2-1/2"]
[Round "7"]
[TimeControl "180+2"]
[Date "2023.06.13"]
[WhiteClock "0:00:05"]
[BlackClock "0:00:55"]
[Board "128"]

1. e4 c5 2. Nf3 Qa5 3. Nc3 a6 4. d4 b5 5. Bd2 b4 6. Nd5 e6 7. Ne3 cxd4 8. Nxd4 Bb7 9. f3 Nf6 10. a3 Qb6 11. Bxb4 Bxb4+ 12. axb4 Qxb4+ 13. Kf2 Nc6 14. Nb3 O-O 15. Nc4 d5 16. exd5 Rfd8 17. d6 Nd5 18. Be2 a5 19. c3 Qb5 20. Nbxa5 Nxa5 21. Nxa5 Qb6+ 22. Qd4 Qxb2 23. Rhb1 Qc2 24. Nxb7 Nxc3 25. Qd3 Nxb1 26. Qxc2 Rxa1 27. Qc7 Rf8 28. d7 Raa8 29. d8=Q Raxd8 30. Nxd8 Nd2 31. Qd6 Nb1 32. Nc6 g6 33. Ne7+ Kg7 34. Qe5+ f6 35. Qxe6 Rf7 36. Nd5 Nd2 37. Bc4 Nxc4 38. Ne7 Ne5 39. Nd5 g5 40. g4 h6 41. h4 Rf8 42. f4 Nd3+ 43. Ke3 Nc5 44. Qe7+ Rf7 45. Qxc5 gxh4 46. f5 h3 47. Nf4 h2 48. Qc2 Re7+ 49. Kf2 Re4 50. Nh5+ Kf7 51. Kg2 Rxg4+ 52. Kxh2 Rh4+ 53. Kg3 Rxh5 54. Qc7+ Kf8 55. Qd8+ Kf7 56. Qd7+ Kf8 57. Qd8+ Kf7 58. Qd7+ Kf8 59. Qd8+ 1/2-1/2


[Site "https://www.chess.com"]

[Event "Titled Tuesday Blitz June 13 Late 2023"]
[White "Pesotskiy, Mikhail"]
[Black "Djordjevic, Dejan N"]
[WhiteFideId "34164453"]
[BlackFideId "913316"]
[WhiteElo "2131"]
[BlackElo "2261"]
[Result "0-1"]
[Round "7"]
[TimeControl "180+2"]
[Date "2023.06.13"]
[WhiteClock "0:00:18"]
[BlackClock "0:02:09"]
[Board "129"]

1. d4 Nf6 2. c4 g6 3. Nc3 d6 4. e4 Bg7 5. f3 O-O 6. Be3 Nc6 7. Qd2 e5 8. d5 Ne7 9. g4 Ne8 10. Bd3 f5 11. gxf5 gxf5 12. Nge2 f4 13. Bf2 c5 14. O-O-O Kh8 15. Rdg1 a6 16. h4 Ng8 17. h5 Nh6 18. Bh4 Bf6 19. Qe1 Bd7 20. Kb1 Nc7 21. Bxf6+ Qxf6 22. Qh4 Qxh4 23. Rxh4 b5 24. Rh2 Rg8 25. Rhg2 Rxg2 26. Rxg2 Rg8 27. Rxg8+ Kxg8 28. cxb5 axb5 29. a3 Kg7 30. b4 cxb4 31. axb4 Nf7 32. Nc1 Kh6 33. Nb3 Kxh5 34. Na5 Kh4 35. Ne2 Kh3 36. Kc2 Kg2 0-1


[Site "https://www.chess.com"]

[Event "Titled Tuesday Blitz June 13 Late 2023"]
[White "Abduzhaparov"]
[Black "Hartikainen, Jarmo"]
[BlackFideId "503134"]
[WhiteElo "2398"]
[BlackElo "2129"]
[Result "0-1"]
[Round "7"]
[TimeControl "180+2"]
[Date "2023.06.13"]
[WhiteClock "0:02:47"]
[BlackClock "0:02:40"]
[Board "130"]

1. Nf3 Nf6 2. c4 c5 3. Nc3 Nc6 4. d4 d5 5. g3 g6 6. Bg2 Bg7 7. cxd5 Nxd5 8. Nxd5 Qxd5 9. Ne5 Qxg2 10. Nxc6 Qxh1+ 0-1


[Site "https://www.chess.com"]

[Event "Titled Tuesday Blitz June 13 Late 2023"]
[White "Topalov, Aleksandar"]
[Black "zano2023"]
[WhiteFideId "925659"]
[WhiteElo "2151"]
[BlackElo "2103"]
[Result "0-1"]
[Round "7"]
[TimeControl "180+2"]
[Date "2023.06.13"]
[WhiteClock "0:00:03"]
[BlackClock "0:00:40"]
[Board "131"]

1. b3 d6 2. Bb2 e5 3. d4 Nd7 4. c4 c6 5. Nc3 Ngf6 6. e3 Be7 7. g3 O-O 8. Bg2 Re8 9. Nge2 Qc7 10. Qc2 Nf8 11. O-O Ng6 12. Rfd1 Bg4 13. h3 Bd7 14. Rd2 Rad8 15. Rad1 Qc8 16. Kh2 h5 17. dxe5 dxe5 18. Ne4 Nxe4 19. Bxe4 f5 20. Rxd7 fxe4 21. Rxd8 Rxd8 22. Rf1 Qf5 23. Nc3 Rd3 24. Rd1 Qf3 25. Rd2 Rxd2 26. Qxd2 Kh7 27. Qc2 h4 28. g4 Bb4 29. Nxe4 Kh6 30. c5 Be1 31. Bc3 Bxc3 32. Nxc3 e4 33. Nxe4 Ne5 34. Qd3 Nxd3 0-1


[Site "https://www.chess.com"]

[Event "Titled Tuesday Blitz June 13 Late 2023"]
[White "Maluco_do_Natal_00"]
[Black "Mazurkiewicz, Michal"]
[BlackFideId "1124943"]
[WhiteElo "2097"]
[BlackElo "2063"]
[Result "0-1"]
[Round "7"]
[TimeControl "180+2"]
[Date "2023.06.13"]
[WhiteClock "0:00:00"]
[BlackClock "0:02:12"]
[Board "132"]

1. e4 d6 2. d4 Nf6 3. Bd3 e5 4. Nf3 Nbd7 5. O-O Be7 6. c4 O-O 7. Nc3 Re8 8. Re1 c6 9. h3 exd4 10. Nxd4 Nc5 11. Bc2 a5 12. Bf4 Nfd7 13. Nf5 Ne5 14. Nxe7+ Qxe7 15. Qe2 Be6 16. Bxe5 dxe5 17. Rad1 Rad8 18. b3 Rd4 19. Qe3 Red8 20. Ne2 Rxd1 21. Rxd1 Rxd1+ 22. Bxd1 Qd6 23. Bc2 f6 24. a3 Na6 25. Qc3 Qxa3 26. Ng3 Qc1+ 27. Kh2 Nb4 28. Nf5 Bxf5 29. exf5 Qxc2 30. Qg3 Qxf5 0-1


[Site "https://www.chess.com"]

[Event "Titled Tuesday Blitz June 13 Late 2023"]
[White "Fajdetic, Hrvoje"]
[Black "Osmonbekov, Talaibek"]
[WhiteFideId "14501945"]
[BlackFideId "2017253"]
[WhiteElo "2185"]
[BlackElo "2135"]
[Result "1/2-1/2"]
[Round "7"]
[TimeControl "180+2"]
[Date "2023.06.13"]
[WhiteClock "0:00:10"]
[BlackClock "0:00:21"]
[Board "133"]

1. f4 b6 2. e4 Bb7 3. d3 d5 4. e5 d4 5. Nf3 c5 6. Be2 e6 7. O-O Ne7 8. a4 Nf5 9. Na3 Be7 10. Nc4 Qc7 11. Ne1 g6 12. Bf3 Nd7 13. Bxb7 Qxb7 14. Qf3 Qxf3 15. Nxf3 h5 16. Bd2 O-O 17. g3 Rfd8 18. Kg2 Nb8 19. h3 Nh6 20. Be1 Nc6 21. Nh2 Kg7 22. g4 hxg4 23. hxg4 Rh8 24. Bg3 Nb4 25. Rf2 Nd5 26. Kf3 a6 27. Nf1 b5 28. axb5 axb5 29. Rxa8 Rxa8 30. Ncd2 Ra2 31. c4 dxc3 32. bxc3 Nxc3 33. Nb3 c4 34. dxc4 bxc4 35. Rxa2 Nxa2 36. Nd4 Nb4 37. Ne3 Bc5 38. Nec2 Nxc2 39. Nxc2 Ng8 40. Bh4 f6 41. Ke4 f5+ 42. gxf5 gxf5+ 43. Kf3 Ne7 44. Bxe7 Bxe7 45. Ke3 Bc5+ 46. Kd2 Bf2 47. Kc3 Bg3 48. Nd4 Kf7 49. Ne2 Bf2 50. Kxc4 Be3 51. Kb5 Ke7 52. Kc6 Bd2 53. Kc7 Be3 54. Kc6 Bd2 55. Kc7 Be3 56. Kc6 1/2-1/2


[Site "https://www.chess.com"]

[Event "Titled Tuesday Blitz June 13 Late 2023"]
[White "Dias, Joao Batista"]
[Black "Prieto Aranguren, Alain"]
[WhiteFideId "2108240"]
[BlackFideId "2268906"]
[WhiteElo "1907"]
[BlackElo "2209"]
[Result "1/2-1/2"]
[Round "7"]
[TimeControl "180+2"]
[Date "2023.06.13"]
[WhiteClock "0:00:40"]
[BlackClock "0:01:11"]
[Board "134"]

1. e4 e6 2. d4 c6 3. Nc3 d5 4. Be3 dxe4 5. Nxe4 Nf6 6. Nxf6+ gxf6 7. Nf3 Bd6 8. Bc4 Nd7 9. Qd3 b6 10. O-O-O Bb7 11. a3 Qc7 12. Rhe1 O-O-O 13. g3 Kb8 14. Nd2 f5 15. Ba6 Ka8 16. Bxb7+ Qxb7 17. Nc4 Bb8 18. Qc3 Rc8 19. Ne5 Nf6 20. Qb3 Bxe5 21. dxe5 Nd5 22. Rd2 c5 23. c4 Nxe3 24. Rxe3 Qh1+ 25. Kc2 Qxh2 26. Red3 Rc7 27. Rd8+ Rxd8 28. Rxd8+ Kb7 29. Qf3+ Ka6 30. Kb3 Qh6 31. Qd3 Qc1 32. Qd6 Kb7 33. Rd7 Rxd7 34. Qxd7+ Ka6 35. Qb5+ Kb7 36. Qd7+ Ka6 37. Qb5+ Kb7 38. Qd7+ 1/2-1/2


[Site "https://www.chess.com"]

[Event "Titled Tuesday Blitz June 13 Late 2023"]
[White "Ricaurte Lopez, Juan Carlos"]
[Black "el_sporco"]
[WhiteFideId "3600327"]
[WhiteElo "2200"]
[BlackElo "2366"]
[Result "0-1"]
[Round "7"]
[TimeControl "180+2"]
[Date "2023.06.13"]
[WhiteClock "0:00:00"]
[BlackClock "0:00:07"]
[Board "135"]

1. e4 c5 2. d4 cxd4 3. c3 dxc3 4. Nxc3 Nc6 5. Bc4 e6 6. Nf3 a6 7. O-O Nge7 8. Bg5 f6 9. Be3 Ng6 10. Nd4 Nxd4 11. Qxd4 Be7 12. f4 O-O 13. Rad1 b5 14. Bb3 Kh8 15. f5 Ne5 16. Kh1 Qc7 17. Ne2 Ng4 18. Bg1 Rd8 19. h3 Ne5 20. Rc1 Nc6 21. Qe3 exf5 22. exf5 Qe5 23. Qf3 Bb7 24. Bh2 Qxb2 25. Nf4 Na5 26. Qh5 Nxb3 27. Rb1 Qxa2 0-1


[Site "https://www.chess.com"]

[Event "Titled Tuesday Blitz June 13 Late 2023"]
[White "Sanchez, Robert"]
[Black "Quinones Garcia, Santiago"]
[WhiteFideId "2034360"]
[BlackFideId "4408497"]
[WhiteElo "1975"]
[BlackElo "2173"]
[Result "0-1"]
[Round "7"]
[TimeControl "180+2"]
[Date "2023.06.13"]
[WhiteClock "0:01:21"]
[BlackClock "0:01:20"]
[Board "136"]

1. Nf3 d5 2. e3 c6 3. c4 Nf6 4. Nc3 g6 5. d4 Bg7 6. Be2 O-O 7. O-O b6 8. b3 Bb7 9. Bb2 Nbd7 10. cxd5 cxd5 11. Rc1 a6 12. h3 Ne4 13. Nxe4 dxe4 14. Nd2 e5 15. Nc4 exd4 16. Bxd4 b5 17. Nd6 Bc8 18. Bxg7 Kxg7 19. Nxe4 Qe7 20. Qd4+ f6 21. Rfd1 Ne5 22. f4 Nf7 23. Bf3 Bb7 24. Qc5 Rfe8 25. Rd4 Rac8 0-1


[Site "https://www.chess.com"]

[Event "Titled Tuesday Blitz June 13 Late 2023"]
[White "liwadas82"]
[Black "rikchessmx"]
[WhiteElo "2423"]
[BlackElo "2289"]
[Result "1-0"]
[Round "7"]
[TimeControl "180+2"]
[Date "2023.06.13"]
[WhiteClock "0:00:14"]
[BlackClock "0:00:12"]
[Board "137"]

1. e4 c5 2. Nf3 e6 3. d4 cxd4 4. Nxd4 a6 5. Nc3 Qc7 6. Bd3 Nf6 7. O-O h5 8. Re1 Bc5 9. Nf3 Ng4 10. Re2 Nc6 11. g3 h4 12. Bf4 e5 13. Nd5 Qb8 14. Bg5 hxg3 15. hxg3 f6 16. Bd2 b5 17. b4 Bd4 18. c3 Ba7 19. a4 bxa4 20. Qxa4 Ne7 21. Nxe7 Kxe7 22. Kg2 Bb7 23. Nh4 Rxh4 24. gxh4 Qh8 25. Rh1 Qh5 26. Rh3 Bc6 27. Qb3 Nh6 28. f3 d6 29. Be3 Bxe3 30. Rxe3 f5 31. exf5 Nxf5 32. Bxf5 Qxf5 33. Rg3 Qf6 34. Qc4 Rc8 35. Qg4 Kf8 36. Qxc8+ 1-0


[Site "https://www.chess.com"]

[Event "Titled Tuesday Blitz June 13 Late 2023"]
[White "Fernandez, Maria Florencia"]
[Black "Ward, Ieuan C"]
[WhiteFideId "116459"]
[BlackFideId "406627"]
[WhiteElo "2074"]
[BlackElo "2276"]
[Result "1/2-1/2"]
[Round "7"]
[TimeControl "180+2"]
[Date "2023.06.13"]
[WhiteClock "0:00:03"]
[BlackClock "0:00:13"]
[Board "138"]

1. d4 e5 2. dxe5 Nc6 3. Nf3 Qe7 4. Nc3 Nxe5 5. Nxe5 Qxe5 6. e3 c6 7. Be2 d5 8. O-O f5 9. Qd4 Bd6 10. Qxe5+ Bxe5 11. Na4 Nf6 12. Nc5 b6 13. Nd3 Bd6 14. b3 O-O 15. Bb2 Ba6 16. Rfe1 Rae8 17. Rad1 Bb7 18. c4 dxc4 19. bxc4 c5 20. Nb4 Bxh2+ 21. Kxh2 cxb4 22. Rd6 Ne4 23. Rd7 Rf7 24. Rxf7 Kxf7 25. f3 Nc3 26. Bd3 g6 27. a3 Na4 28. Bc1 b3 29. c5 b2 30. Bd2 Rd8 31. Bc4+ Bd5 32. Bb5 Nxc5 33. Rb1 a6 34. Bf1 Bxf3 35. Rxb2 Be4 36. Bb4 Nd3 37. Rd2 Rd5 38. Rc2 a5 39. Rc7+ Ke6 40. Bf8 Rd7 41. Rc8 Ne5 42. Re8+ Kf7 43. Rb8 Ng4+ 44. Kg3 Nxe3 45. Be2 Nd5 46. Bh6 Re7 47. Rf8+ Ke6 48. Rb8 Rd7 49. Bc4 Kd6 50. Bf8+ Kc7 51. Ra8 Kb7 52. Re8 Nc7 53. Re5 Kc6 54. Bg8 b5 55. Be6 Rd8 56. Be7 Nxe6 57. Rxe6+ Kd7 58. Re5 Re8 59. Rxb5 Rxe7 60. Rxa5 Ke8 61. Kf2 Kf7 62. g3 Kf6 63. Ke3 h6 64. Kf4 g5+ 65. Ke3 Re6 66. Ra7 Ke5 67. a4 Bd5 68. Kf2 Kd4 69. a5 Bc4 70. Rd7+ Kc3 71. Rc7 Ra6 72. Rc5 Kb4 73. Rxf5 Rxa5 74. Rf6 h5 75. Rh6 Bf7 76. Rh7 Be8 77. Rg7 Re5 78. Rg8 Kc5 79. Kf3 Kd5 80. Rh8 Ke6 81. g4 h4 82. Rh6+ Kf7 83. Rh7+ Kf8 84. Rh8+ Ke7 85. Rh7+ Bf7 86. Rh8 Kf6 87. Rh6+ Bg6 88. Rh8 Re7 89. Rf8+ Rf7 90. Rb8 Kg7+ 91. Kg2 Be4+ 92. Kg1 Bf3 93. Rb5 Kg6 94. Rb6+ Rf6 95. Rb4 Rf4 96. Rb6+ Kg7 97. Rb7+ Rf7 98. Rb5 Kf6 99. Rb6+ Kg7 100. Rb5 1/2-1/2


[Site "https://www.chess.com"]

[Event "Titled Tuesday Blitz June 13 Late 2023"]
[White "Ochkoos, Jura"]
[Black "SicilianPanzer"]
[WhiteFideId "2601214"]
[WhiteElo "2139"]
[BlackElo "2242"]
[Result "0-1"]
[Round "7"]
[TimeControl "180+2"]
[Date "2023.06.13"]
[WhiteClock "0:00:31"]
[BlackClock "0:00:02"]
[Board "139"]

1. e4 e6 2. d4 d5 3. Nc3 Nf6 4. e5 Nfd7 5. Nce2 c5 6. c3 Nc6 7. f4 Qb6 8. Nf3 cxd4 9. cxd4 Bb4+ 10. Bd2 O-O 11. Bxb4 Qxb4+ 12. Qd2 Qb6 13. Nc3 f6 14. O-O-O Qa5 15. Kb1 Rb8 16. f5 exf5 17. e6 Nb6 18. Re1 Re8 19. e7 Rxe7 20. Rxe7 Nxe7 21. Bd3 Nc4 22. Bxc4 dxc4 23. d5 Bd7 24. Re1 Qc5 25. Qf4 Re8 26. Nd4 Nxd5 27. Rxe8+ Bxe8 28. Qb8 Nxc3+ 29. bxc3 Qe7 30. Nxf5 Qe1+ 31. Kb2 Qd2+ 32. Kb1 Qd1+ 33. Kb2 Qd2+ 34. Kb1 Qe1+ 35. Kc2 Qf2+ 36. Kd1 Qf1+ 37. Kd2 Qd3+ 38. Ke1 Qe4+ 39. Kf1 Qxf5+ 40. Kg1 Qc5+ 41. Kf1 Qe7 42. Qxa7 Bf7 43. Kf2 h6 44. a4 Kh7 45. a5 Bd5 46. a6 Qe4 47. axb7 Qxg2+ 48. Ke3 Bxb7 0-1


[Site "https://www.chess.com"]

[Event "Titled Tuesday Blitz June 13 Late 2023"]
[White "Shapiro, Daniel"]
[Black "Quirke, Jeffrey"]
[WhiteFideId "2001780"]
[BlackFideId "2013029"]
[WhiteElo "2322"]
[BlackElo "2227"]
[Result "1-0"]
[Round "7"]
[TimeControl "180+2"]
[Date "2023.06.13"]
[WhiteClock "0:00:23"]
[BlackClock "0:00:00"]
[Board "140"]

1. d4 e6 2. c4 b6 3. Nf3 Bb7 4. a3 f5 5. Nc3 Nf6 6. d5 Be7 7. g3 O-O 8. Bg2 Na6 9. O-O Nc5 10. Nd4 exd5 11. cxd5 g6 12. Bf4 Bd6 13. Bh6 Re8 14. Ndb5 Be5 15. f4 Ng4 16. fxe5 Nxh6 17. Qd4 a6 18. Qf4 Nf7 19. Nd4 Nxe5 20. Ne6 dxe6 21. Qxe5 exd5 22. Bxd5+ Bxd5 23. Qxd5+ Qxd5 24. Nxd5 Ne6 25. Rac1 Rac8 26. Nf6+ Kf7 27. Nxe8 Kxe8 28. Rfd1 Ke7 29. Kf2 c5 30. e3 Rc7 31. Rd5 b5 32. Rcd1 c4 33. Rd6 Nc5 34. R6d4 Ne4+ 35. Kf3 Nc5 36. g4 Ne6 37. Rd5 fxg4+ 38. Kxg4 Nc5 39. h4 Nb3 40. h5 1-0


[Site "https://www.chess.com"]

[Event "Titled Tuesday Blitz June 13 Late 2023"]
[White "Florianovitz, Derlei Alex"]
[Black "Ardila, Oscar Humberto"]
[WhiteFideId "2114178"]
[BlackFideId "4404742"]
[WhiteElo "1953"]
[BlackElo "1912"]
[Result "1-0"]
[Round "7"]
[TimeControl "180+2"]
[Date "2023.06.13"]
[WhiteClock "0:00:10"]
[BlackClock "0:00:11"]
[Board "141"]

1. e4 e5 2. Nf3 Nf6 3. Nxe5 d6 4. Nf3 Nxe4 5. d4 Be7 6. Bd3 d5 7. O-O Nc6 8. h3 Nb4 9. Be2 O-O 10. a3 Nc6 11. c4 Be6 12. cxd5 Bxd5 13. Nc3 Nxc3 14. bxc3 Bf6 15. Rb1 Na5 16. Bd3 b6 17. Re1 Rc8 18. Ne5 c5 19. Ng4 cxd4 20. cxd4 Be7 21. Qe2 Bd6 22. Ne5 Nb3 23. Bb2 f6 24. Nc4 Bf4 25. Qg4 Bb8 26. Ne3 Bf7 27. d5 Qd6 28. g3 Qd8 29. Nf5 Bg6 30. Ne7+ Kh8 31. Nxg6+ hxg6 32. Bxg6 Kg8 33. Qh5 Re8 34. Qh7+ Kf8 35. Qh8# 1-0


[Site "https://www.chess.com"]

[Event "Titled Tuesday Blitz June 13 Late 2023"]
[White "Almedina Ortiz, Edgardo J."]
[Black "Ziatdinov, Raset"]
[WhiteFideId "3100197"]
[BlackFideId "2015323"]
[WhiteElo "2217"]
[BlackElo "2220"]
[Result "1-0"]
[Round "7"]
[TimeControl "180+2"]
[Date "2023.06.13"]
[WhiteClock "0:00:30"]
[BlackClock "0:00:37"]
[Board "142"]

1. d4 Nf6 2. c4 g6 3. Nc3 Bg7 4. e4 d6 5. Nf3 O-O 6. Be2 Nc6 7. O-O e5 8. d5 Ne7 9. Ne1 Ne8 10. Be3 f5 11. f3 f4 12. Bf2 g5 13. c5 h5 14. a4 Nf6 15. a5 g4 16. cxd6 cxd6 17. Nb5 a6 18. Bb6 Qd7 19. Nc7 Rb8 20. Ne6 Rf7 21. Rc1 Bh8 22. Rc7 Qe8 23. Nc2 Bxe6 24. dxe6 Rg7 25. Kh1 gxf3 26. gxf3 Nc8 27. Rxg7+ Bxg7 28. Bc7 Ra8 29. Bxd6 Qxe6 30. Bb4 Ne7 31. Na3 Kh7 32. Bc4 Qh3 33. Bxe7 Rh8 34. Qd6 Ng4 35. fxg4 hxg4 36. Qe6 f3 37. Qf5+ Kh6 38. Bg5+ Kh5 39. Bf6+ Kh6 40. Qg5+ 1-0


[Site "https://www.chess.com"]

[Event "Titled Tuesday Blitz June 13 Late 2023"]
[White "Celestino, Rafael Teixeira"]
[Black "Romanchuk, Viktor"]
[WhiteFideId "2108925"]
[BlackFideId "14109271"]
[WhiteElo "2258"]
[BlackElo "2242"]
[Result "0-1"]
[Round "7"]
[TimeControl "180+2"]
[Date "2023.06.13"]
[WhiteClock "0:00:00"]
[BlackClock "0:01:24"]
[Board "143"]

1. e4 c6 2. Nf3 d5 3. Nc3 dxe4 4. Nxe4 Nd7 5. Neg5 Ngf6 6. Bc4 e6 7. Qe2 Nd5 8. d4 Be7 9. c3 h6 10. Ne4 b6 11. Ng3 Bb7 12. Nh5 O-O 13. Bd3 N5f6 14. Ne5 c5 15. Be3 Nxe5 16. dxe5 Nxh5 17. Qxh5 Qxd3 18. Rd1 Qe4 19. Rg1 Rad8 20. h4 Rxd1+ 21. Qxd1 Rd8 22. Qc1 Bxh4 23. g4 Rd3 24. Kf1 Qf3 0-1


[Site "https://www.chess.com"]

[Event "Titled Tuesday Blitz June 13 Late 2023"]
[White "Magallanes, Rey Jomar"]
[Black "Benedetti, Julio"]
[WhiteFideId "5205948"]
[BlackFideId "172545"]
[WhiteElo "2255"]
[BlackElo "2263"]
[Result "0-1"]
[Round "7"]
[TimeControl "180+2"]
[Date "2023.06.13"]
[WhiteClock "0:00:41"]
[BlackClock "0:01:03"]
[Board "144"]

1. e4 c5 2. Nf3 Nc6 3. d4 cxd4 4. Nxd4 Nf6 5. Nc3 e5 6. Ndb5 d6 7. Bg5 a6 8. Na3 b5 9. Nd5 Be7 10. Bxf6 Bxf6 11. c3 O-O 12. Nc2 Bg5 13. a4 bxa4 14. Ncb4 Nxb4 15. cxb4 Bd7 16. Bd3 a5 17. b5 Qb8 18. Qe2 Rc8 19. h4 Bd8 20. O-O Rc5 21. Rxa4 Bxb5 22. Bxb5 Rxb5 23. Rc4 Rxb2 24. Qg4 a4 25. Rfc1 Rb1 26. Ne3 a3 27. Nf5 g6 28. Nh6+ Kg7 29. Nf5+ Kf8 30. Ne3 a2 31. Kh2 Rxc1 32. Rxc1 a1=Q 33. Rxa1 Rxa1 34. Nd5 Qb1 35. Qd7 Qh1+ 36. Kg3 Qxh4+ 37. Kf3 Ra3+ 38. Ne3 Qf4+ 39. Ke2 Ra2+ 40. Kd3 Ra3+ 41. Ke2 Be7 42. Qc8+ Kg7 43. Qc3 Rxc3 0-1


[Site "https://www.chess.com"]

[Event "Titled Tuesday Blitz June 13 Late 2023"]
[White "Chemin, Justo Reinaldo"]
[Black "Garrido, Denis"]
[WhiteFideId "2101580"]
[BlackFideId "601217"]
[WhiteElo "1940"]
[BlackElo "2335"]
[Result "1-0"]
[Round "7"]
[TimeControl "180+2"]
[Date "2023.06.13"]
[WhiteClock "0:00:15"]
[BlackClock "0:01:38"]
[Board "146"]

1. d4 Nf6 2. c4 c5 3. e3 g6 4. Nf3 Bg7 5. Nc3 O-O 6. Be2 cxd4 7. exd4 d5 8. O-O Nc6 9. Ne5 Bf5 10. Nxc6 bxc6 11. c5 Ne4 12. f3 Nxc3 13. bxc3 e5 14. Be3 Re8 15. Bf2 e4 16. fxe4 Bxe4 17. Bf3 Rb8 18. Bxe4 Rxe4 19. Qa4 Qd7 20. Rab1 Rbe8 21. Qa6 Re2 22. Rb7 Qg4 23. Bg3 h5 24. Rbxf7 Bh6 25. Qxc6 Be3+ 26. Kh1 h4 27. Qxd5 hxg3 28. Rf8+ Kh7 29. Qf7+ Kh6 30. Rxe8 gxh2 31. Rh8+ Kg5 32. Qe7# 1-0


[Site "https://www.chess.com"]